AoeStats
← 花开未相随

Oasis

510055591Analyzed
3v3 RM · 4d ago on Sep 29, 2026· 52m 40s· 6 players
Game mode
Random Map
Map size
Normal (6 player)
Population
200
Speed
Normal
Resources
Standard
Victory
Conquest
Starting age
Dark Age
Ending age
Imperial Age
RankedLock teamsTeams togetherTeam positionsShared explorationLock speedFull tech treeHidden civsTurbo modeCheats
Victory
Defeat
🇹🇼 Varangians · Taiwan
1138
+11
🇨🇳 Magyars · China
1095
+13
🇹🇼 Byzantines · Taiwan
1081
+13
🇹🇼 Burgundians · Taiwan
1050
-12
🇹🇼 Vikings · Taiwan
1029
-13
🇹🇼 Huns · Taiwan
1002
-12
花开未相随
10:53 Feudal Age
9:13 Loom
15:26 Castle Age
14:45 Double-Bit Axe
23:27 Wheelbarrow
24:37 Horse Collar
25:23 Scale Barding Armor
26:32 Bloodlines
26:22 Husbandry
26:28 Husbandry
29:27 Chain Barding Armor
30:03 Hand Cart
31:00 Gold Mining
32:20 Heavy Plow
33:06 Gold Shaft Mining
35:37 Imperial Age
34:21 Elite Skirmisher
35:20 Fletching
35:31 Padded Archer Armor
35:56 Cavalier
37:15 Plate Barding Armor
37:26 Stone Mining
39:02 Bow Saw
39:31 Conscription
39:29 Bodkin Arrow
40:20 Corvinian Army
42:27 Paladin
43:02 Light Cavalry
45:15 Two-Man Saw
45:22 Siege Engineers
46:44 Elite Magyar Huszar
48:11 Ballistics
48:51 Chemistry
47:32 Treadmill Crane
48:02 Masonry
48:45 Bracer
49:01 Leather Archer Armor
51:06 Heavy Cavalry Archer
52:12 Parthian Tactics
51:53 Thumb Ring
Dongyin Empire
10:09 Feudal Age
18:12 Castle Age
20:19 Double-Bit Axe
20:16 Horse Collar
25:05 Wheelbarrow
24:45 Bow Saw
25:16 Gold Mining
25:19 Stone Mining
27:06 Hand Cart
27:32 Heavy Plow
28:20 Gold Shaft Mining
28:21 Stone Shaft Mining
28:47 Hand Cart
28:43 Loom
29:12 Murder Holes
29:30 Fortified Wall
31:33 Treadmill Crane
31:51 Murder Holes
32:13 Scale Barding Armor
32:18 Forging
34:43 Imperial Age
33:51 Chain Barding Armor
34:48 Iron Casting
36:01 Plate Barding Armor
36:50 Fletching
37:03 Padded Archer Armor
37:05 Scale Mail Armor
37:43 Logistica
37:53 Conscription
38:40 Chemistry
38:14 Bodkin Arrow
38:41 Ballistics
41:21 Elite Cataphract
weiweifallen
9:57 Feudal Age
10:57 Loom
15:38 Castle Age
15:47 Double-Bit Axe
19:15 Bow Saw
23:16 Horse Collar
25:46 Squires
25:31 Arson
27:34 Heavy Plow
27:52 Squires
27:37 Gambesons
32:01 Fletching
31:33 Elite Skirmisher
35:27 Imperial Age
34:48 Bodkin Arrow
34:53 Padded Archer Armor
42:25 Wheelbarrow
43:23 Masonry
46:08 Architecture
45:17 Pikeman
48:01 Bracer
48:17 Leather Archer Armor
右臂刺著貓頭鷹
9:47 Feudal Age
10:24 Double-Bit Axe
10:20 Horse Collar
17:39 Gold Mining
20:13 Castle Age
20:26 Fletching
21:47 Gold Shaft Mining
23:25 Bodkin Arrow
25:10 Thumb Ring
25:29 Bloodlines
25:20 Husbandry
27:10 Ballistics
29:25 Padded Archer Armor
31:26 Light Cavalry
35:05 Scale Barding Armor
38:02 Forging
49:57 Imperial Age
51:03 Bracer
53:17 Chemistry
gameboy506
8:11 Loom
11:35 Feudal Age
13:56 Double-Bit Axe
19:04 Castle Age
17:15 Horse Collar
19:58 Scale Barding Armor
21:15 Fletching
20:49 Elite Skirmisher
25:19 Town Watch
25:28 Man-at-Arms
28:27 Forging
28:48 Long Swordsman
30:18 Heavy Plow
31:43 Iron Casting
31:49 Bodkin Arrow
31:55 Scale Mail Armor
33:46 Caravan
34:16 Gold Mining
37:54 Imperial Age
35:34 Crossbowman
36:16 Pikeman
37:32 Chain Mail Armor
39:02 Gold Shaft Mining
40:07 Ballistics
40:43 Arbalester
42:23 Bracer
42:24 Light Cavalry
44:39 Blast Furnace
47:35 Bogsveigar
Pineapple_Hsiao
6:26 Double-Bit Axe
11:37 Feudal Age
9:57 Horse Collar
13:04 Bow Saw
18:48 Castle Age
17:59 Scale Barding Armor
19:06 Forging
21:34 Two-Man Saw
21:07 Husbandry
22:03 Heavy Plow
22:40 Cavalier
23:59 Gold Mining
25:32 Wheelbarrow
27:06 Chain Barding Armor
26:53 Stone Mining
27:40 Gold Shaft Mining
28:07 Hand Cart
31:33 Iron Casting
34:09 Light Cavalry
37:20 Burgundian Vineyards
39:58 Imperial Age
38:10 Caravan
40:19 Stone Shaft Mining
41:23 Crop Rotation
40:30 Paladin
41:50 Conscription
41:12 Hussar
43:41 Plate Barding Armor
43:07 Scale Mail Armor
46:12 Ballistics
46:54 Chemistry
45:52 Treadmill Crane
46:22 Pikeman
47:04 Squires
47:06 Halberdier
50:33 Flemish Revolution
Connection lost

Rejoining the realm…

Still unreachable

The connection could not be restored.

Session expired

The server has moved on; the page needs a fresh start.